 Dungeon Crawl Stone Soup version 0.25.1-2-g60ff931df9 (webtiles) character file.

Game seed: 2709562167668307658

506 DildoBatman the Conjurer (level 7, -1/69 HPs)
             Began as a Formicid Wizard on Sept 18, 2020.
             Slain by a hound (3 damage)
             ... on level 6 of the Dungeon.
             The game lasted 00:13:00 (4273 turns).

DildoBatman the Conjurer (Formicid Wizard)          Turns: 4273, Time: 00:13:01

Health: -1/69      AC: 23    Str:  8 (11) XL:     7   Next: 41%
Magic:  1/11       EV:  2    Int: 20      God:
Gold:   180        SH:  0    Dex:  6 (9)  Spells: 5/12 levels left

rFire    . . .     SeeInvis .   a - +0 flail
rCold    . . .     Gourm    .   (no shield)
rNeg     + + +     Faith    .   (armour currently unavailable)
rPois    +         Spirit   .   (helmet unavailable)
rElec    .         Reflect  .   (cloak currently unavailable)
rCorr    +         Harm     .   (gloves currently unavailable)
MR       .....                  (boots currently unavailable)
Stlth    ++........             (no amulet)
HPRegen  0.21/turn              j - ring of resist corrosion
MPRegen  0.12/turn              (no ring)

@: tree-form, stab, very slightly contaminated
A: permanent stasis, dig shafts and tunnels, four strong arms
a: no special abilities


You were on level 6 of the Dungeon.
You were very hungry.
You were a tree.
You visited 1 branch of the dungeon, and saw 4 of its levels.

You collected 180 gold pieces.

Inventory:

Hand Weapons
 a - a +0 flail (weapon)
 b - a +0 halberd
Missiles
 e - 10 arrows
 h - 74 stones
 m - 3 poisoned darts (quivered)
Armour
 l - a +0 cloak (melded)
 r - a +0 robe (melded)
Jewellery
 j - a ring of resist corrosion (left branch)
Scrolls
 g - 3 scrolls of blinking
 i - a scroll of identify
 n - a scroll of magic mapping
 q - a scroll of enchant armour {unknown}
 s - a scroll of teleportation {unknown}
 t - a scroll of immolation {unknown}
 u - a scroll of enchant weapon {unknown}
 x - 2 scrolls of remove curse
Potions
 k - a potion of degeneration
Comestibles
 v - 8 rations


   Skills:
 - Level 1.7 Dodging
 - Level 2.4 Stealth
 - Level 3.2 Spellcasting
 * Level 5.6 Conjurations
   Level 1.0 Summonings
   Level 0.8 Translocations
 * Level 2.4 Fire Magic
 * Level 2.0 Air Magic


You had 5 spell levels left.
You knew the following spells:

 Your Spells              Type           Power        Failure   Level  Hunger
a - Conjure Flame         Conj/Fire      ###.....     8%          3    ###....
c - Magic Dart            Conj           ####         1%          1    None
e - Mephitic Cloud        Conj/Pois/Air  ##......     14%         3    ###....

Your spell library contained the following spells:

 Spells                   Type           Power        Failure   Level  Hunger
 Call Imp                 Summ           #.......     14%         2    ##.....
 Slow                     Hex            #.......     22%         2    ##.....
 Blink                    Tloc           Unusable     N/A         2    N/A

Dungeon Overview and Level Annotations

Branches:
Dungeon (6/15)             Temple (0/1) D:6

Altars:
Fedhas
Uskayaw
Wu Jian

Annotations:
D:2 exclusion: dancing weapon
D:6 exclusions: iguana, orc and 5 sensed monsters (detected), Grinder


Innate Abilities, Weirdness & Mutations

You cannot be hasted, slowed, berserked, paralysed or teleported.
You can dig through walls and to a lower floor.
Your four strong arms can wield two-handed weapons with a shield.
((You have a pair of large antennae on your head. (SInv)))


Message History

You feel your intelligence returning.
Your Air Magic skill increases to level 2!
Throwing (i - inventory. (/) - cycle)
m - 4 poisoned darts (quivered)
Press: ? - help, Shift-Dir - straight line, f/p - hound
Aim: a hound You throw a poisoned dart.
The poisoned dart hits the hound.
The hound is poisoned.
The hound bites you but does no damage.
Casting: Mephitic Cloud (dangerous; 14% risk of failure)
Confirm with . or Enter, or press ? or * to list all spells.
Aiming: Mephitic Cloud (dangerous; 14% risk of failure)
Press: ? - help, Shift-Dir - straight line, f/p - hound
Aim: a hound (poisoned)
You miscast Mephitic Cloud.
Nothing appears to happen.
You are feeling very hungry.
The hound bites you but does no damage. The hound bites you.
You die...

##..............#.##..,,,,,,,,***
###.......##...#.c.#,,,,*,,,,,,,
###.........#..(##*{,,****,,**
#....###..#.(#.#,,,,,,,**<**
##..## ##.{((#(#*,,,,,,,,,,, ####
#...##(#*,,,,***,,,,
#####)##*,,*** **,,* ##h## ****
**,* #♣## *** ###


You could see a hound (poisoned).

Vanquished Creatures
  An ogre (D:6)
  2 centaurs (D:6)
  A scorpion (D:6)
  A crimson imp (D:6)
  2 hounds
  8 adders
  3 gnolls
  A worm (D:3)
  2 dart slugs (D:1)
  3 leopard geckos
  3 orcs (D:3)
  5 bats
  2 giant cockroaches
  6 goblins (D:1)
  3 hobgoblins
  9 jackals
  4 kobolds
  4 quokkas
  A ball python (D:2)
  2 frilled lizards
  3 rats
66 creatures vanquished.

Notes
Turn   | Place    | Note
-------+----------+-------------------------------------------
     0 | D:1      | DildoBatman the Formicid Wizard began the quest for the
                  | Orb.
     0 | D:1      | Reached XP level 1. HP: 13/13 MP: 4/4
    25 | D:1      | Reached skill level 1 in Conjurations
   259 | D:1      | Reached XP level 2. HP: 19/19 MP: 0/6
   357 | D:1      | Reached skill level 2 in Conjurations
   807 | D:1      | Reached XP level 3. HP: 9/24 MP: 0/7
  1412 | D:2      | Found a hide-covered altar of Uskayaw.
  1412 | D:2      | Noticed a +0 dagger
  1412 | D:2      | Noticed a +0 hand axe
  1828 | D:2      | Found a blossoming altar of Fedhas.
  1958 | D:2      | Reached skill level 3 in Conjurations
  2004 | D:2      | Reached XP level 4. HP: 30/30 MP: 3/8
  2542 | D:3      | Noticed an ice beast
  2763 | D:3      | Reached skill level 4 in Conjurations
  2763 | D:3      | Reached XP level 5. HP: 31/35 MP: 3/9
  2898 | D:3      | Learned a level 3 spell: Conjure Flame
  2902 | D:3      | Learned a level 3 spell: Mephitic Cloud
  3491 | D:3      | Reached XP level 6. HP: 29/41 MP: 5/10
  3539 | D:3      | Reached skill level 5 in Conjurations
  3659 | D:3      | You fall into a shaft and drop 3 floors!
  3690 | D:6      | Noticed an ogre
  3703 | D:6      | Noticed Grinder
  3822 | D:6      | Reached skill level 1 in Fire Magic
  3961 | D:6      | Killed an ogre
  3961 | D:6      | Reached skill level 1 in Air Magic
  4068 | D:6      | Found an ornate altar of the Wu Jian Council.
  4151 | D:6      | Reached XP level 7. HP: 46/46 MP: 5/11
  4269 | D:6      | HP: 1/69 [centaur (4)]
  4273 | D:6      | Slain by a hound

Illustrated notes

Levels and vault maps discovered:
D:1:      kilobyte_arrival_exit_the_forest, layout_loops_cross
D:2:      layout_rooms, fedhas_ov_isle_minmay, dancing_weapons_uskayaw
D:3:      layout_basic, minmay_misc_feat_square, cheibrodos_ashenzari_chains,
          uniq_ijyb
D:6:      layout_cave_pools, old_standard_altar, minmay_temple_entry_water_ring,
          uniq_grinder, uniq_blork_the_orc

Skill      XL: |  1  2  3  4  5  6  7 |
---------------+----------------------+-----
Conjurations   | 1 2 3 4 5 |  5.6
Fire Magic     | 1 2 |  2.4
Air Magic      | 1 2 |  2.0
Dodging        | |  1.7
Stealth        | |  2.4
Spellcasting   | |  3.2
Summonings     | |  1.0
Translocations | |  0.8

Action                   |  1- 3 |  4- 6 |  7- 9 || total
-------------------------+-------+-------+-------++-------
Melee: Club              |     8 |       |       ||     8
       Unarmed           |     3 |       |       ||     3
       Flail             |       |    45 |       ||    45
       Halberd           |       |     3 |       ||     3
Throw: Dart              |       |     6 |    12 ||    18
 Cast: Magic Dart        |    80 |   118 |       ||   198
       Mephitic Cloud    |       |     2 |     2 ||     4
       Conjure Flame     |       |     2 |       ||     2
 Abil: Dig               |     2 |    11 |     2 ||    15
  Use: Scroll            |       |     4 |       ||     4
       Potion            |       |       |     3 ||     3
  Eat: Chunk             |     3 |    10 |       ||    13
Armor: Robe              |     7 |       |       ||     7
       Leather armour    |       |    41 |       ||    41
       Skin              |       |       |     5 ||     5
Dodge: Dodged            |    19 |    75 |     6 ||   100
